Map: Winter Madness LE

Players

roy - Winner!

  • Race: Terran Terran

VOD

Have the link to the VOD?

Description

Time

  • Played on: May 29, 2026, 4:57 a.m.
  • Length: 7:57
Show
View Real Time Build Order
Export as new Build Order

roy Terran - Winner!

Build Orders:  

Get SALT Encoding   

  8  0:01  SCV  
  9  0:18  SCV  
  10  0:35  SCV  
  11  0:52  SCV  
  11  0:57  Supply Depot  
  12  1:09  SCV  
  13  1:27  SCV  
  13  1:29  Barracks  
  14  1:35  Refinery  
  14  1:44  SCV  
  15  2:01  SCV  
  16  2:11  Refinery  
  16  2:18  SCV  
  17  2:37  Orbital Command  
  17  2:38  Marine  
  18  2:54  Ghost Academy  
  18  3:03  Marine  
  19  3:15  SCV  
  20  3:21  Supply Depot  
  20  3:30  Barracks Tech Lab  
  20  3:34  SCV  
  21  3:41  Personal Cloaking  
  21  3:55  SCV  
  25  4:12  SCV  
  26  4:29  SCV  
  27  4:41  Supply Depot, Unknown  
  30  5:03  SCV  
  31  5:21  Unknown  
  31  5:29  Command Center, SCV  
  35  5:44  Supply Depot  
  35  5:49  SCV  
  36  5:59  Factory  
  36  6:04  Unknown  
  36  6:10  SCV  
  36  6:14  Marine  
  38  6:27  SCV, Engineering Bay  
  39  6:42  Barracks  
  39  6:44  Barracks  
  39  6:46  SCV  
  40  7:23  Factory Tech Lab, Marine  
  41  7:34  SCV  
  42  7:40  Refinery  
  42  7:52  Barracks Reactor  
Tags
 
Add a new tag
Caveats
  • Supply blocks, unpowered buildings, or Contaminate may cause inaccurate times.
  • Supply counts are checked every 10 seconds.